 Dungeon Crawl Stone Soup version 0.31-a0-1321-g5021b54cb2 (webtiles) character file.

Game seed: 13766644446701925307

634 pokeman the Magician (level 7, 0/38 HPs)
             Began as a Deep Elf Hedge Wizard on Dec 20, 2023.
             Slain by an adder zombie (3 damage)
             ... in an ossuary.
             The game lasted 00:07:05 (3813 turns).

pokeman the Magician (Deep Elf Hedge Wizard)        Turns: 3813, Time: 00:07:06

Health: 0/38       AC:  4    Str:  7    XL:     7   Next: 24%
Magic:  14/19      EV: 13    Int: 27    God:
Gold:   50         SH:  0    Dex: 14    Spells: 12/20 levels left

rFire   + . .        z - +3 quarterstaff (chaos)
rCold   + . .        (shield currently unavailable)
rNeg    . . .        b - +0 robe
rPois   .            g - +0 helmet
rElec   .            j - scarf {rC+ rF+}
rCorr   .            (no gloves)
SInv    .            x - +0 pair of boots
Will    .....        (no amulet)
Stlth   ++           e - +4 ring of slaying
HPRegen 0.26/turn    f - +6 ring of intelligence
MPRegen 0.16/turn

%: no passive effects
@: very slightly contaminated
A: no striking features
a: no special abilities


You were in an ossuary.
You visited 1 branch of the dungeon, and saw 4 of its levels.
You also visited: Ossuary.

You collected 110 gold pieces.
You spent 60 gold pieces at shops.

Inventory:

Hand Weapons
 z - a +3 quarterstaff of chaos (weapon)
Armour
 b - a +0 robe (worn)
 c - an orb of light
 g - a +0 helmet (worn)
 j - a scarf of resistance (worn)
 x - a +0 pair of boots (worn)
Magical Staves
 h - a staff of death
Jewellery
 e - a +4 ring of slaying (left hand)
 f - a +6 ring of intelligence (right hand)
 w - a ring of protection from fire
Scrolls
 a - a scroll of amnesia {unknown}
 i - a scroll of revelation {unknown}
 k - 2 scrolls of enchant armour {unknown}
 m - 3 scrolls of teleportation {unknown}
 p - a scroll of vulnerability {unknown}
 r - 2 scrolls of identify {unknown}
 s - a scroll of enchant weapon {unknown}
 t - 2 scrolls of noise {unknown}
 y - a scroll of immolation {unknown}
Potions
 d - 3 potions of magic
 l - a potion of resistance {unknown}
 n - 2 potions of curing
 o - a potion of invisibility {unknown}
 q - a potion of enlightenment {unknown}
 u - 2 potions of attraction {unknown}
 v - 2 potions of heal wounds


   Skills:
 - Level 1.0 Fighting
 - Level 1.0 Armour
 + Level 3.6 Dodging
 - Level 3.0 Stealth
 * Level 7.1 Spellcasting
 + Level 5.7 Conjurations
 - Level 1.1 Summonings
 - Level 1.1 Translocations
 + Level 2.0 Evocations


You had 12 spell levels left.
You knew the following spells:

 Your Spells              Type           Power      Damage    Failure   Level
a - Magic Dart            Conj           100%       1d8       1%          1
b - Mephitic Cloud        Conj/Alch/Air  19%        N/A       8%          3
c - Call Imp              Summ           30%        N/A       5%          2
d - Blink                 Tloc           30%        N/A       5%          2

Your spell library contained the following spells:

 Spells                   Type           Power      Damage    Failure   Level
 Sting                    Conj/Alch      96%        1d9       1%          1
 Apportation              Tloc           30%        N/A       3%          1
 Summon Small Mammal      Summ           60%        N/A       3%          1
 Necrotise                Necr           36%        1d5       6%          1
 Slow                     Hex            36%        N/A       6%          1
 Cigotuvi's Dreadful Rot  Necr/Alch/Air  18%        N/A       9%          2


Dungeon Overview and Level Annotations

Branches:
Dungeon (4/15)            Ossuary (1/1)
 Temple: D:4-7

Altars:

Shops:
D:3 !

Annotations:
D:3 3 runed translucent doors, RockinRobin's ghost, amateur DsGl


Message History

The orc zombie closely misses you.
You hit the orc zombie. You burn the orc zombie.
You destroy the orc zombie!
You feel ready to blink again.
The adder zombie bites you but does no damage.
The adder zombie misses you.
The human zombie misses your cerulean imp.
The human zombie hits you but does no damage.
Your cerulean imp hits the human zombie with a -3 spear.
The goblin zombie hits you. The adder zombie closely misses you.
The adder zombie bites you.
You thump the goblin zombie!
You destroy the goblin zombie!
The human zombie hits your cerulean imp.
Your cerulean imp hits the human zombie with a -3 spear.
The human zombie barely misses you.
The adder zombie bites you but does no damage.
The adder zombie closely misses you.
You sock the adder zombie!
The adder zombie is heavily damaged.
Your cerulean imp hits the human zombie but does no damage.
The human zombie misses your cerulean imp.
The adder zombie closely misses you. The adder zombie misses you.
The human zombie hits you!
* * * LOW HITPOINT WARNING * * *
Your cerulean imp barely misses the human zombie.
Casting: Blink (safe; 5% risk of failure)
Confirm with . or Enter, or press ? or * to list all spells.
You miscast Blink.
You are very lightly contaminated with residual magic.
Nothing appears to happen.
The adder zombie bites you but does no damage.
The adder zombie bites you.
* * * LOW HITPOINT WARNING * * *
The human zombie hits your cerulean imp but does no damage.
The human zombie hits you.
* * * LOW HITPOINT WARNING * * *
Your cerulean imp hits the human zombie with a -3 spear.
The adder zombie barely misses you. The adder zombie bites you.
You die...

...............
#...............
................
................
........∩.......
.......5∩.......
.......Z........
......ZZZ.......
.......@........
................
#...............
#...............
................
...............
......#####....
...... ....


You could see 2 adder zombies, 2 human zombies and a friendly cerulean imp
(summoned).

Vanquished Creatures
  Grinder (D:3)
  Sigmund (D:2)
  Crazy Yiuf (D:3)
  Jessica (D:3)
  An orc wizard (D:3)
  A hound zombie (Ossuary)
  6 gnolls (D:3)
  6 adders
  2 ufetubi (D:4)
  2 worms
  3 dart slugs
  4 orcs (D:3)
  6 endoplasms
  A giant cockroach (D:1)
  2 goblins
  4 hobgoblins
  4 quokkas
  5 ball pythons
  6 bats
  5 frilled lizards
  3 goblin zombies (Ossuary)
  A hobgoblin zombie (Ossuary)
  2 kobolds
  2 orc zombies (Ossuary)
  3 rats
  A rat zombie (Ossuary)
74 creatures vanquished.

Notes
Turn   | Place    | Note
-------+----------+-------------------------------------------
     0 | D:1      | pokeman the Deep Elf Hedge Wizard began the quest for the
                  | Orb.
     0 | D:1      | Reached XP level 1. HP: 10/10 MP: 7/7
   314 | D:1      | Reached XP level 2. HP: 16/16 MP: 2/9
  1033 | D:2      | Noticed Sigmund
  1074 | D:2      | Reached skill level 5 in Spellcasting
  1135 | D:2      | Reached XP level 3. HP: 20/20 MP: 6/11
  1139 | D:2      | Learned a level 3 spell: Mephitic Cloud
  1142 | D:2      | Learned a level 2 spell: Call Imp
  1145 | D:2      | Learned a level 2 spell: Blink
  1411 | D:2      | Reached skill level 1 in Fighting
  1411 | D:2      | Reached skill level 1 in Armour
  1597 | D:2      | Killed Sigmund
  1598 | D:2      | Reached skill level 5 in Conjurations
  1598 | D:2      | Reached XP level 4. HP: 25/25 MP: 10/13
  1598 | D:2      | Reached XP level 5. HP: 29/29 MP: 10/14
  2459 | D:3      | Found Humoth's Distillery.
  2475 | D:3      | Bought a potion of heal wounds for 60 gold pieces
  2695 | D:3      | Noticed Jessica
  2698 | D:3      | Killed Jessica
  2699 | D:3      | Reached XP level 6. HP: 34/34 MP: 10/16
  2938 | D:3      | Reached skill level 6 in Spellcasting
  3062 | D:3      | Found a runed translucent door.
  3063 | D:3      | Noticed Crazy Yiuf
  3086 | D:3      | Killed Crazy Yiuf
  3347 | D:3      | Found a runed translucent gate.
  3347 | D:3      | Found a runed translucent gate.
  3347 | D:3      | Found a runed translucent gate.
  3351 | D:3      | Noticed RockinRobin's ghost (amateur DsGl)
  3383 | D:3      | Noticed Grinder
  3388 | D:3      | Paralysed by Grinder for 2 turns
  3401 | D:3      | Paralysed by Grinder for 4 turns
  3424 | D:3      | Killed Grinder
  3425 | D:3      | Reached skill level 1 in Evocations
  3425 | D:3      | Reached XP level 7. HP: 22/38 MP: 6/19
  3624 | D:3      | Reached skill level 7 in Spellcasting
  3785 | D:4      | Found a sand-covered staircase.
  3792 | Ossuary  | Entered an ossuary
  3813 | Ossuary  | Slain by an adder zombie

Illustrated notes

Levels and vault maps discovered:
D:1:      doesnt_arrival_eight_statues, layout_basic, serial_rivers,
          chequers_serial_rivers_micro_b, chequers_serial_rivers_micro_b,
          chequers_serial_rivers_micro_b, chequers_serial_rivers_micro_b,
          chequers_serial_rivers_room_b, minmay_tetromino_t2
D:2:      layout_loops_corners, uniq_sigmund
D:3:      layout_basic, gammafunk_ghost_nasty_kobolds, serial_shops,
          nicolae_shop_tiny_glass, roderic_lattice_a, uniq_crazy_yiuf_cottage,
          uniq_grinder, uniq_jessica
D:4:      layout_cave_pools, nicolae_gozag_seed_capital,
          mainiacjoe_overflow_concentric_impassable, elyvilon_altar_3,
          gammafunk_temple_overflow_claw, lightli_ossuary_entry_decrepit_ruins,
          minmay_mini_ossuary, uniq_edmund
Ossuary:  ossuary_minmay_tomb_2a

Skill      XL: |  1  2  3  4  5  6  7 |
---------------+----------------------+-----
Spellcasting   | 5 6 7 |  7.1
Fighting       | 1 |  1.0
Armour         | 1 |  1.0
Conjurations   | 5 |  5.7
Stealth        | 3 |  3.0
Dodging        | 3 |  3.6
Evocations     | 1 2 |  2.0
Summonings     | |  1.1
Translocations | |  1.1

Action                     |  1- 3 |  4- 6 |  7- 9 || total
---------------------------+-------+-------+-------++-------
  Melee: Dagger            |     9 |    35 |       ||    44
         Quarterstaff      |       |     5 |    24 ||    29
   Cast: Magic Dart        |    65 |    77 |    12 ||   154
         Mephitic Cloud    |     1 |     5 |       ||     6
         Call Imp          |       |     3 |     1 ||     4
         Blink             |       |     1 |     1 ||     2
    Use: Potion            |       |     1 |       ||     1
   Stab: Confused          |     1 |       |       ||     1
 Armour: Robe              |     3 |    23 |    41 ||    67
  Dodge: Dodged            |    10 |    23 |    56 ||    89

Table legend: (Time is in decaauts)
 A = Elapsed time spent in this place.
 B = Non-inter-level travel time spent in this place.
 C = Inter-level travel time spent in this place.
 D = Time resting spent in this place.
 E = Time spent auto-exploring this place.
 F = Levels seen in this place.
 G = Mean time per level.
                   A        B        C        D        E       F      G
               +--------+--------+--------+--------+--------+-----+--------+
         Total |   3822 |   3736 |     86 |      0 |   3147 |   5 |  764.4 |
       Dungeon |   3797 |   3711 |     86 |      0 |   3147 |   4 |  949.2 |
       Ossuary |     25 |     25 |      0 |      0 |      0 |   1 |   25.0 |
               +--------+--------+--------+--------+--------+-----+--------+

Top non-repeatable levels by time:
     D:3: 1344 daAuts
     D:2: 1308 daAuts
     D:1: 1057 daAuts
     D:4: 86 daAuts
 Ossuary: 25 daAuts
